AoeStats
← AKX Is Undone

Arena

510254511Analyzed
3v3 RM · 2d ago on Sep 30, 2026· 75m 18s· 6 players
Game mode
Random Map
Map size
Normal (6 player)
Population
200
Speed
Normal
Resources
Standard
Victory
Conquest
Starting age
Dark Age
Ending age
Imperial Age
RankedLock teamsTeams togetherTeam positionsShared explorationLock speedFull tech treeHidden civsTurbo modeCheats
Victory
Defeat
🇺🇸 Celts · United States
905
+14
🇦🇷 Burgundians · Argentina
868
+41
🇺🇿 Spanish · Uzbekistan
857
+15
🇺🇸 Tupi · United States
876
-16
🇪🇸 Burgundians · Spain
835
-14
🇺🇸 Varangians · United States
833
-14
ABOBUS
10:44 Feudal Age
17:06 Castle Age
16:15 Double-Bit Axe
16:12 Horse Collar
16:26 Stone Mining
16:40 Gold Mining
18:00 Bow Saw
17:53 Heavy Plow
20:19 Stone Shaft Mining
20:42 Loom
29:48 Wheelbarrow
28:59 Town Watch
30:47 Hand Cart
30:47 Town Patrol
33:01 Devotion
36:14 Imperial Age
34:40 Fervor
34:57 Heresy
35:57 Gambesons
36:12 Squires
35:34 Pikeman
36:28 Masonry
36:25 Padded Archer Armor
36:18 Fletching
38:31 Bloodlines
38:21 Husbandry
37:42 Cavalier
37:46 Halberdier
37:46 Man-at-Arms
40:05 Conscription
39:12 Elite Conquistador
40:39 Architecture
40:07 Murder Holes
40:33 Ballistics
41:14 Chemistry
42:12 Two-Man Saw
41:13 Bodkin Arrow
41:33 Leather Archer Armor
41:29 Forging
41:38 Caravan
43:23 Bracer
43:53 Ring Archer Armor
45:46 Thumb Ring
45:02 Elite Skirmisher
46:56 Hoardings
46:58 Paladin
48:40 Iron Casting
48:10 Scale Barding Armor
51:00 Blast Furnace
50:50 Chain Barding Armor
51:58 Long Swordsman
59:45 Plate Barding Armor
60:07 Two-Handed Swordsman
63:35 Fortified Wall
63:16 Guard Tower
63:12 Arrowslits
63:48 Bombard Tower
63:33 Scale Mail Armor
67:26 Supremacy
67:40 Champion
68:14 Sappers
70:53 Champion
Khan Noonien Smith
11:00 Feudal Age
17:03 Castle Age
14:58 Stone Mining
15:37 Double-Bit Axe
16:01 Horse Collar
18:11 Fletching
21:37 Gold Mining
23:35 Wheelbarrow
23:44 Bow Saw
24:55 Stone Shaft Mining
24:29 Town Watch
26:19 Gold Shaft Mining
26:41 Loom
27:12 Hand Cart
27:10 Murder Holes
29:00 Bodkin Arrow
29:37 Ballistics
29:54 Fortified Wall
35:32 Imperial Age
32:44 Pikeman
34:05 Gambesons
35:02 Scale Mail Armor
35:12 Forging
36:40 Conscription
36:15 Stronghold
35:49 Halberdier
35:56 Capped Ram
37:46 Onager
38:40 Heavy Plow
39:24 Iron Casting
39:04 Chain Mail Armor
39:19 Masonry
39:45 Caravan
39:51 Siege Ram
42:03 Chemistry
41:11 Man-at-Arms
43:39 Siege Onager
44:03 Long Swordsman
46:13 Furor Celtica
45:52 Two-Handed Swordsman
49:30 Arson
50:41 Champion
54:00 Heavy Scorpion
60:10 Blast Furnace
59:41 Plate Mail Armor
61:23 Scale Barding Armor
62:27 Hoardings
63:29 Siege Engineers
72:01 Elite Woad Raider
n1ck4284
9:21 Double-Bit Axe
12:54 Feudal Age
11:48 Horse Collar
15:50 Bow Saw
18:47 Gold Mining
18:50 Stone Mining
22:35 Castle Age
23:37 Stone Shaft Mining
23:37 Gold Shaft Mining
23:07 Heavy Plow
22:45 Man-at-Arms
22:46 Pikeman
23:26 Squires
23:12 Arson
23:48 Crossbowman
26:55 Crop Rotation
32:37 Burgundian Vineyards
35:10 Imperial Age
35:23 Loom
36:14 Wheelbarrow
35:24 Town Watch
36:23 Conscription
41:14 Town Patrol
41:30 Hand Cart
62:34 Elite Skirmisher
75:58 Padded Archer Armor
Po bear8617
8:50 Loom
12:29 Feudal Age
11:16 Loom
13:11 Double-Bit Axe
17:04 Castle Age
15:45 Stone Mining
25:20 Horse Collar
27:21 Murder Holes
28:47 Wheelbarrow
29:01 Man-at-Arms
30:22 Town Watch
30:11 Long Swordsman
34:48 Imperial Age
33:33 Gambesons
33:49 Squires
33:35 Arson
35:10 Bow Saw
36:00 Conscription
35:26 Treadmill Crane
35:48 Capped Ram
36:49 Vendel Legacy
38:36 Stone Shaft Mining
37:55 Gold Mining
38:25 Elite Varangian Guard
39:23 Bloodlines
41:12 Gothikon
41:17 Cavalier
41:58 Husbandry
42:01 Elite Jarl
45:05 Two-Handed Swordsman
47:08 Scale Barding Armor
46:53 Fletching
47:04 Padded Archer Armor
47:04 Scale Mail Armor
47:15 Forging
49:21 Light Cavalry
52:53 Iron Casting
52:34 Chain Mail Armor
52:40 Chain Barding Armor
54:18 Crossbowman
56:00 Bodkin Arrow
60:35 Pikeman
AKX Is Undone
3:54 Loom
10:02 Feudal Age
16:57 Castle Age
16:04 Stone Mining
30:37 Fletching
30:48 Padded Archer Armor
30:59 Forging
30:50 Scale Mail Armor
36:30 Imperial Age
35:34 Bodkin Arrow
36:11 Leather Archer Armor
37:34 Bracer
38:44 Chemistry
38:33 Conscription
40:58 Curare
41:11 Gold Mining
41:11 Double-Bit Axe
42:08 Wheelbarrow
43:00 Ring Archer Armor
45:05 Elite Blackwood Archer
62:18 Gold Shaft Mining
62:06 Bow Saw
61:37 Horse Collar
62:41 Capped Ram
68:17 Siege Ram
71:09 Hoardings
DOLAR2305
0:47 Loom
8:45 Double-Bit Axe
9:46 Wheelbarrow
11:47 Feudal Age
13:29 Hand Cart
13:29 Bow Saw
22:32 Castle Age
20:29 Stone Mining
20:39 Gold Mining
20:35 Horse Collar
22:44 Forging
22:39 Scale Barding Armor
22:50 Cavalier
23:31 Husbandry
24:09 Iron Casting
24:33 Heavy Plow
25:36 Two-Man Saw
28:33 Crop Rotation
31:22 Chain Barding Armor
38:04 Imperial Age
37:21 Gold Shaft Mining
37:22 Stone Shaft Mining
37:36 Burgundian Vineyards
36:57 Light Cavalry
39:10 Conscription
39:00 Squires
38:47 Arson
39:05 Scale Mail Armor
40:06 Blast Furnace
39:24 Caravan
41:34 Plate Barding Armor
41:22 Man-at-Arms
42:23 Chain Mail Armor
42:13 Town Watch
41:57 Paladin
45:22 Chemistry
44:03 Treadmill Crane
44:19 Murder Holes
48:47 Plate Mail Armor
50:28 Hussar
55:17 Bombard Tower
55:08 Fortified Wall
56:04 Coinage
62:10 Banking
61:50 Guilds
61:40 Long Swordsman
62:13 Pikeman
65:09 Two-Handed Swordsman
68:29 Halberdier
Connection lost

Rejoining the realm…

Still unreachable

The connection could not be restored.

Session expired

The server has moved on; the page needs a fresh start.